 Dungeon Crawl Stone Soup version 0.30.1-4-g462c640d31 (webtiles) character file.

Game seed: 6045676996031892909

126 MrPagan1517 the Trooper (level 4, -1/42 HPs)
             Began as a Minotaur Berserker on Aug 21, 2023.
             Was a Priest of Trog.
             Slain by a gnoll
             ... wielding a +0 halberd
              (10 damage)
             ... on level 3 of the Dungeon.
             The game lasted 00:07:11 (1813 turns).

MrPagan1517 the Trooper (Minotaur Berserker)        Turns: 1813, Time: 00:07:11

Health: -1/42      AC:  7    Str: 23    XL:     4   Next: 83%
Magic:  3/3        EV: 10    Int:  4    God:    Trog [***...]
Gold:   98         SH:  0    Dex: 10    Spells: 3/3 levels left

rFire   + . .        a - +0 mace
rCold   . . .        (no shield)
rNeg    . . .        b - +0 scale mail
rPois   +            (helmet restricted)
rElec   .            h - +0 cloak
rCorr   .            (no gloves)
SInv    .            (no boots)
Will    .....        (no amulet) Stlth
                     c - ring of protection from fire
HPRegen 0.27/turn    g - ring of poison resistance
MPRegen 0.08/turn

%: no passive effects
@: no status effects
A: horns 2, retaliatory headbutt
a: Renounce Religion, Berserk, Trog's Hand


You were on level 3 of the Dungeon.
You worshipped Trog.
Trog was most pleased with you.
You visited 1 branch of the dungeon, and saw 3 of its levels.

You collected 98 gold pieces.

Inventory:

Hand Weapons
 a - a +0 mace (weapon)
Armour
 b - a +0 scale mail (worn)
 h - a +0 cloak (worn)
 j - a +0 leather armour
 l - a +0 ring mail
Jewellery
 c - a ring of protection from fire (left hand)
 g - a ring of poison resistance (right hand)
 i - a ring of protection from cold
Scrolls
 f - a scroll of identify
Potions
 d - 2 potions of brilliance {unknown}
 e - a potion of heal wounds {unknown}


   Skills:
 * Level 5.1 Fighting
 + Level 5.0 Maces & Flails
 + Level 2.8 Armour
 + Level 2.8 Dodging


You had 3 spell levels left.
You didn't know any spells.
Your spell library contained the following spells:

 Spells                   Type           Power      Damage    Failure   Level
 Cause Fear               Hex            0%         N/A       100%        4
 Dragon Form              Tmut           0%         N/A       100%        7
 Dragon's Call            Summ           0%         N/A       100%        9


Dungeon Overview and Level Annotations

Branches:
Dungeon (3/15)

Altars:


Innate Abilities, Weirdness & Mutations

You have a pair of horns on your head.
You reflexively headbutt those who attack you in melee.


Message History

e - a glowing yellow potion A gnoll comes into view.
It is wielding a +0 flail.
A gnoll comes into view. It is wielding a +0 club.
The gnoll throws a stone.
The stone hits you but does no damage.
A gnoll comes into view. It is wielding a +0 halberd.
The gnoll shouts!
You hear a shout!
A gnoll comes into view. It is wielding a +0 spear.
The gnoll hits you with a +0 flail. The gnoll hits you with a +0 club.
You hit the gnoll.
The gnoll is lightly wounded.
The gnoll hits you with a +0 flail. The gnoll hits you with a +0 club.
You closely miss the gnoll. You headbutt the gnoll.
The gnoll is moderately wounded.
The gnoll misses you. You furiously retaliate!
You headbutt the gnoll. The gnoll misses you. You furiously retaliate!
You headbutt the gnoll!
You kill the gnoll!
Trog accepts your kill.
Your Maces & Flails skill increases to level 5!
You hit the gnoll.
The gnoll is severely wounded.
The gnoll barely misses you.
You closely miss the gnoll.
The gnoll is severely wounded.
The gnoll hits you from afar with a +0 spear.
The gnoll closely misses you.
You closely miss the gnoll. You headbutt the gnoll.
You kill the gnoll!
Trog accepts your kill.
The gnoll hits you from afar with a +0 halberd!
* * * LOW HITPOINT WARNING * * *
The gnoll barely misses you. x2
The gnoll hits you from afar with a +0 spear.
* * * LOW HITPOINT WARNING * * *
Nothing quivered!
The gnoll misses you. The gnoll hits you but does no damage.
Items here: ( )) ††.
You hit the gnoll.
The gnoll is heavily wounded.
The gnoll hits you with a +0 halberd!
You die...

..
##.###.)†)............##..#
.
.......................#..
..#.............##.######.
...............##.# #.
.##.............##.# ##
#............###.# #
#.....g.......##.# #
........#.....##.#######
......g@.............<..
#.......#.....#.........
........#.....##.####...
.########.######.####.##
...# #..##..# #####
##..#.## ##.#.# #...# #..##


You could see 2 gnolls.

Vanquished Creatures
  An iguana (D:3)
  Robin (D:2)
  2 gnolls (D:3)
  A dart slug (D:1)
  7 bats
  3 endoplasms (D:1)
  2 giant cockroaches (D:2)
  18 goblins
  10 hobgoblins
  2 jackals (D:2)
  A quokka (D:2)
  2 ball pythons
  4 frilled lizards
  4 kobolds
  8 rats
66 creatures vanquished.

Notes
Turn   | Place    | Note
-------+----------+-------------------------------------------
     0 | D:1      | MrPagan1517 the Minotaur Berserker began the quest for the
                  | Orb.
     0 | D:1      | Reached XP level 1. HP: 19/19 MP: 0/0
   210 | D:1      | Reached XP level 2. HP: 27/27 MP: 1/1
   313 | D:1      | Noticed an eye of devastation
   315 | D:1      | Found a faded altar of an unknown god.
   317 | D:1      | Noticed a floating eye
   317 | D:1      | Noticed a great orb of eyes
   317 | D:1      | Noticed a shining eye
   667 | D:1      | Reached ** piety under Trog
   730 | D:2      | Noticed Robin
   734 | D:2      | Reached XP level 3. HP: 34/34 MP: 2/2
   772 | D:2      | Killed Robin
  1027 | D:2      | Reached XP level 4. HP: 41/41 MP: 3/3
  1777 | D:3      | Reached *** piety under Trog
  1778 | D:3      | Reached skill level 5 in Fighting
  1809 | D:3      | Reached skill level 5 in Maces & Flails
  1813 | D:3      | Slain by a gnoll

Illustrated notes

Levels and vault maps discovered:
D:1:      wander_arrival_chamber, layout_loops_ring,
          hellmonk_ecumenical_altar_watching_god, nrook_mini_vaults,
          roderic_roman_lattice
D:2:      layout_basic, uniq_robin
D:3:      layout_rooms

Skill      XL: |  1  2  3  4 |
---------------+-------------+-----
Fighting       | 4 5 |  5.1
Maces & Flails | 4 5 |  5.0
Armour         | |  2.8
Dodging        | |  2.8

Action                     |  1- 3 |  4- 6 || total
---------------------------+-------+-------++-------
  Melee: Mace              |    85 |    32 ||   117
         Headbutt          |     6 |     4 ||    10
    Use: Scroll            |     4 |     4 ||     8
         Potion            |     1 |       ||     1
   Stab: Sleeping          |     1 |       ||     1
 Armour: Animal skin       |     7 |     3 ||    10
         Skin              |    26 |       ||    26
         Scale mail        |       |    11 ||    11
         Leather armour    |       |     1 ||     1
  Dodge: Dodged            |    45 |    27 ||    72
